AoeStats
← Francky

African Clearing

504429784Analyzed
4v4 RM · 25d ago on Sep 5, 2026· 58m 24s· 8 players
Game mode
Random Map
Map size
Large (8 player)
Population
200
Speed
Normal
Resources
Standard
Victory
Conquest
Starting age
Dark Age
Ending age
Imperial Age
RankedLock teamsTeams togetherTeam positionsShared explorationLock speedFull tech treeHidden civsTurbo modeCheats
Victory
Defeat
🇦🇹 Chinese · Austria
1197
+14
🇲🇽 Franks · Mexico
1164
+16
1132
+17
🇺🇸 Berbers · United States
1121
+17
🇬🇧 Franks · United Kingdom
1172
-17
🇨🇿 Goths · Czechia
1161
-16
🇫🇷 Byzantines · France
1158
-16
🇫🇷 Vietnamese · France
1134
-15
Brooony
3:51 Loom
13:30 Feudal Age
18:40 Castle Age
17:48 Double-Bit Axe
19:59 Wheelbarrow
30:12 Hand Cart
31:49 Forging
33:21 Scale Barding Armor
33:34 Bow Saw
36:11 Gold Mining
36:16 Stone Mining
36:13 Town Watch
40:26 Iron Casting
40:12 Chain Barding Armor
44:10 Imperial Age
42:51 Fortified Wall
44:34 Cavalier
45:26 Town Patrol
46:29 Blast Furnace
46:04 Plate Barding Armor
45:55 Conscription
46:49 Husbandry
46:13 Paladin
48:37 Ballistics
48:14 Murder Holes
48:14 Fletching
51:38 Masonry
51:29 Bodkin Arrow
vyshi77
5:22 Loom
13:13 Feudal Age
20:33 Castle Age
18:42 Horse Collar
18:56 Double-Bit Axe
19:29 Man-at-Arms
20:45 Gold Mining
21:57 Squires
23:07 Squires
25:14 Scale Mail Armor
26:02 Forging
26:36 Stone Mining
28:08 Wheelbarrow
28:16 Chain Mail Armor
27:46 Long Swordsman
28:36 Pikeman
35:33 Fletching
35:32 Town Watch
38:05 Iron Casting
41:41 Bodkin Arrow
42:23 Padded Archer Armor
44:53 Leather Archer Armor
44:41 Town Patrol
45:00 Hand Cart
46:30 Elite Skirmisher
Francky
8:21 Loom
14:44 Feudal Age
21:48 Castle Age
31:47 Double-Bit Axe
35:33 Wheelbarrow
34:41 Horse Collar
34:28 Pikeman
35:09 Squires
38:54 Scale Mail Armor
39:05 Forging
39:00 Scale Barding Armor
41:46 Imperial Age
40:09 Hand Cart
42:07 Chain Barding Armor
42:23 Iron Casting
45:40 Plate Barding Armor
46:06 Conscription
46:16 Elite Skirmisher
46:56 Fletching
47:07 Padded Archer Armor
47:06 Imperial Skirmisher
[FR] Carabistouille
9:08 Loom
14:50 Feudal Age
15:57 Double-Bit Axe
18:07 Fletching
20:33 Wheelbarrow
24:03 Castle Age
23:08 Scale Mail Armor
24:07 Pikeman
24:29 Crossbowman
26:17 Hand Cart
29:32 Bodkin Arrow
35:40 Padded Archer Armor
39:24 Thumb Ring
40:19 Leather Archer Armor
40:20 Chatras
41:24 Husbandry
41:36 Bloodlines
49:20 Imperial Age
49:07 Horse Collar
49:17 Light Cavalry
50:03 Arbalester
Nike man
9:15 Loom
13:38 Feudal Age
14:56 Double-Bit Axe
15:32 Horse Collar
17:22 Fletching
22:30 Padded Archer Armor
25:32 Castle Age
27:58 Husbandry
33:00 Scale Barding Armor
35:11 Light Cavalry
36:40 Bodkin Arrow
40:42 Wheelbarrow
42:43 Imperial Age
42:01 Ballistics
42:08 Bloodlines
44:30 Town Watch
48:02 Conscription
49:41 Heavy Plow
51:19 Bracer
52:00 Masonry
51:45 Murder Holes
53:21 Hand Cart
53:39 Crop Rotation
58:25 Squires
58:10 Arson
57:47 Pikeman
58:38 Forging
58:28 Scale Mail Armor
58:49 Chain Barding Armor
Eduardo
5:07 Loom
14:16 Feudal Age
18:34 Castle Age
16:30 Double-Bit Axe
17:03 Scale Mail Armor
18:08 Scale Barding Armor
19:37 Bow Saw
21:10 Forging
28:06 Chain Barding Armor
34:59 Chain Mail Armor
40:18 Iron Casting
43:19 Wheelbarrow
42:30 Town Watch
45:56 Imperial Age
44:51 Hand Cart
45:02 Husbandry
46:11 Cavalier
49:17 Blast Furnace
48:48 Plate Mail Armor
48:54 Plate Barding Armor
48:22 Paladin
57:41 Town Patrol
57:45 Gold Mining
重案组之虎曹达华JESSEJAMES
3:35 Loom
12:12 Feudal Age
13:07 Double-Bit Axe
17:39 Castle Age
15:55 Horse Collar
19:50 Bow Saw
28:42 Wheelbarrow
29:36 Heavy Plow
32:45 Imperial Age
31:46 Gold Mining
31:59 Scale Mail Armor
32:10 Forging
33:35 Hand Cart
33:38 Fletching
34:14 Conscription
33:35 Pikeman
34:15 Bodkin Arrow
35:17 Ballistics
35:58 Chemistry
35:42 Gold Shaft Mining
34:37 Halberdier
36:34 Bracer
36:05 Heavy Scorpion
37:37 Bracer
39:11 Chain Mail Armor
39:32 Iron Casting
39:26 Double Crossbow
40:32 Capped Ram
43:57 Blast Furnace
43:25 Arson
45:36 Siege Engineers
45:42 Fortified Wall
46:44 Scale Barding Armor
3blue
9:57 Loom
16:50 Feudal Age
21:04 Castle Age
18:58 Double-Bit Axe
18:54 Horse Collar
20:51 Gold Mining
22:08 Bow Saw
22:00 Heavy Plow
23:17 Stone Mining
24:44 Fervor
27:26 Wheelbarrow
31:36 Hand Cart
33:37 Fletching
33:47 Padded Archer Armor
34:30 Ballistics
37:05 Imperial Age
35:48 Leather Archer Armor
35:51 Bodkin Arrow
37:50 Thumb Ring
38:47 Chemistry
38:17 Bracer
38:48 Ring Archer Armor
37:43 Elite Chu Ko Nu
38:56 Conscription
46:02 Two-Man Saw
Connection lost

Rejoining the realm…

Still unreachable

The connection could not be restored.

Session expired

The server has moved on; the page needs a fresh start.